 Dungeon Crawl Stone Soup version 0.19-a0-1007-g133f65f (webtiles) character file.

70 Gruud the Changer (level 4, -2/32 HPs)
             Began as a Demonspawn Transmuter on July 19, 2016.
             Killed by divine providence
             ... invoked by an orc priest
              (14 damage)
             ... on level 4 of the Dungeon.
             The game lasted 00:06:27 (1981 turns).

Gruud the Changer (Demonspawn Transmuter)           Turns: 1981, Time: 00:06:28

Health: -2/32      AC:  2    Str: 11    XL:     4   Next: 3%
Magic:  4/7        EV: 19    Int: 14    God:
Gold:   103        SH:  0    Dex: 19    Spells: 3 memorised, 1 level left

rFire  . . .     SeeInvis .       - Unarmed
rCold  . . .     Gourm    .     (armour currently unavailable)
rNeg   . . .     Faith    .     (shield currently unavailable)
rPois  x         Spirit   .     (helmet currently unavailable)
rElec  .         Dismiss  .     (cloak currently unavailable)
rCorr  .         Reflect  .     (gloves currently unavailable)
SustAt .         Harm     .     (boots currently unavailable)
MR     .....                    (no amulet)
Stlth  +++.......               (no ring)
                                o - ring of stealth

@: spider-form (expiring), not resistant to hostile enchantments, fairly
stealthy
A: (antennae 0), (icy blue scales 0)
a: End Transformation


You were on level 4 of the Dungeon.
You were hungry.
You were a venomous arachnid creature.
You visited 1 branch of the dungeon, and saw 4 of its levels.

You collected 103 gold pieces.

Inventory:

Hand Weapons
 e - a +0 dagger
 l - a +1 short sword of speed (melded)
Missiles
 a - 67 arrows
Armour
 b - a +0 robe (melded)
 q - a +0 cloak (melded)
Jewellery
 o - a ring of stealth (left front leg)
Scrolls
 f - a scroll of enchant armour {unknown}
 g - a scroll of teleportation {unknown}
 j - 3 scrolls of identify {unknown}
 m - 2 scrolls of remove curse {unknown}
 n - a scroll of immolation {unknown}
Potions
 i - a potion of invisibility {unknown}
 p - a potion of lignification {unknown}
Books
 c - a book of Changes

   Spells                             Type                      Level
   a - Beastly Appendage              Transmutation                1
   b - Sticks to Snakes               Transmutation                2
   c - Spider Form                    Transmutation/Poison         3
   d - Ice Form                       Ice/Transmutation            4
   e - Blade Hands                    Transmutation                5
Comestibles
 d - 5 bread rations
 h - a chunk of flesh
 k - 3 meat rations


   Skills:
 - Level 1.0 Fighting
 - Level 1.7 Dodging
 - Level 2.6 Unarmed Combat
 - Level 2.0 Spellcasting
 + Level 3.9 Transmutations


You had one spell level left.
You knew the following spells:

 Your Spells              Type           Power        Failure   Level  Hunger
a - Beastly Appendage     Tmut           ##....       17%         1    ##.....
b - Sticks to Snakes      Tmut           ##......     24%         2    ###....
c - Spider Form           Tmut/Pois      #.........   61%         3    ####...


Dungeon Overview and Level Annotations

Branches:
Dungeon (4/15)
 Temple: D:4-7

Altars:
Kikubaaqudgha
Makhleb
Nemelex Xobeh


Innate Abilities, Weirdness & Mutations

((You have a pair of small antennae on your head.))
((You are partially covered in icy blue scales. (AC +1)))


Message History

You barely miss the orc priest. The orc priest misses you.
The orc completely misses you.
You hit the orc priest.
The orc priest is poisoned.
The orc priest is moderately wounded.
Your transformation is almost over.
The orc priest hits you with a short sword!
The orc hits you with a flail!
Unknown command.
You hit the orc priest.
The orc priest is heavily wounded.
The orc priest calls upon Beogh to heal the orc.
The orc's wounds heal themselves!
The orc misses you.
An orc comes into view.
The orc shouts!
Unknown command.
You hit the orc priest but do no damage.
The orc priest is severely wounded.
The orc priest invokes the aid of Beogh against you.
Beogh smites you!
You die...

# #. #.#
..############
.o...<......#..
..###$.>.........#
................#
#.o.........#
.###.os.......###
......o...........
#.###..........#
#..........#
#......<...#
#..........#
##########..# #..#
...


You could see an orc priest and 3 orcs.

Vanquished Creatures
  An adder (D:2)
  A dart slug (D:1)
  2 giant geckos (D:1)
  6 bats
  4 giant cockroaches
  A goblin (D:1)
  4 hobgoblins
  9 jackals
  A quokka (D:2)
  3 giant newts
  12 kobolds
  2 rats
46 creatures vanquished.

Vanquished Creatures (collateral kills)
  An adder (D:2)
  A goblin (D:1)
  A jackal (D:1)
3 creatures vanquished.

Grand Total: 49 creatures vanquished

Notes
Turn   | Place    | Note
-------+----------+-------------------------------------------
     0 | D:1      | Gruud the Demonspawn Transmuter began the quest for the Orb.
     0 | D:1      | Reached XP level 1. HP: 15/15 MP: 3/3
     1 | D:1      | Noticed an electric eel
    26 | D:1      | Reached skill level 2 in Transmutations
   409 | D:1      | Lost mutation: You have a pair of horns on your head. [demonic ancestry]
   409 | D:1      | Lost mutation: You have a pair of small horns on your head. [demonic ancestry]
   409 | D:1      | Gained mutation: You have a pair of small antennae on your head. [demonic ancestry]
   409 | D:1      | Reached XP level 2. HP: 17/21 MP: 1/5
   548 | D:1      | Learned a level 2 spell: Sticks to Snakes
   568 | D:1      | Found a sparkling altar of Nemelex Xobeh.
   639 | D:1      | Reached skill level 3 in Transmutations
   882 | D:1      | Reached XP level 3. HP: 12/26 MP: 6/6
  1061 | D:1      | Learned a level 3 spell: Spider Form
  1299 | D:2      | Found an ancient bone altar of Kikubaaqudgha.
  1728 | D:2      | Found a burning altar of Makhleb.
  1730 | D:2      | Noticed a cacodemon
  1734 | D:2      | Noticed an orange demon
  1734 | D:2      | Noticed a smoke demon
  1871 | D:2      | Gained mutation: You are partially covered in icy blue scales. (AC +1) [demonic ancestry]
  1871 | D:2      | Reached XP level 4. HP: 24/32 MP: 7/7
  1981 | D:4      | Killed from afar by an orc priest

Vault maps used:
D:1:      arrival_aquarium_a, nemelex_xobeh_ov_fountains_minmay
D:2:      kiku_gazebo_garden_becter, first_bread, makhleb_altar_promises_db
D:3:      kennysheep_the_goblin_king, kennysheep_potato
D:4:      serial_shops, shop, nemelex_lonely_heart_becter

Skill      XL: |  1  2 |
---------------+-------+-----
Transmutations | 2 3 |  3.9
Fighting       | |  1.0
Dodging        | |  1.7
Unarmed Combat | |  2.6
Spellcasting   | |  2.0

Action                   |  1- 3 |  4- 6 || total
-------------------------+-------+-------++-------
Melee: Dagger            |    62 |       ||    62
       Unarmed           |    19 |     6 ||    25
       Headbutt          |     1 |       ||     1
       Short sword       |   100 |     4 ||   104
       Kick              |     5 |       ||     5
       Punch             |     1 |       ||     1
 Cast: Beastly Appendage |    10 |       ||    10
       Sticks to Snakes  |     5 |       ||     5
       Spider Form       |     2 |     1 ||     3
 Stab: Sleeping          |     5 |       ||     5
  Eat: Chunk             |     4 |       ||     4
Armor: Robe              |    18 |     1 ||    19
       Skin              |     3 |       ||     3
Dodge: Dodged            |   115 |     7 ||   122
